 Dungeon Crawl Stone Soup version 0.28.0-43-g3370ac3207 (webtiles) character file.

Game seed: 17158767921024214738

172 bromine the Cudgeller (level 5, -5/49 HPs)
             Began as a Gargoyle Berserker on Mar 3, 2022.
             Was a Believer of Trog.
             Slain by a gnoll
             ... wielding a +0 flail
              (6 damage)
             ... on level 3 of the Dungeon.
             The game lasted 00:04:23 (3921 turns).

bromine the Cudgeller (Gargoyle Berserker)          Turns: 3921, Time: 00:04:24

Health: -5/49      AC: 13    Str: 22    XL:     5   Next: 53%
Magic:  5/5        EV:  8    Int:  8    God:    Trog [**....]
Gold:   137        SH:  0    Dex:  9    Spells: 4/4 levels left

rFire   . . .      SeeInvis .   a - +0 mace
rCold   . . .      Faith    .   (no shield)
rNeg    + . .      Spirit   .   n - +0 chain mail
rPois   ∞          Reflect  .   (no helmet)
rElec   +          Harm     .   (no cloak)
rCorr   .          Rampage  .   (no gloves)
Will    .....                   (no boots)
Stlth   ..........              (no amulet)
HPRegen 0.16/turn               (no ring)
MPRegen 0.09/turn               (no ring)

@: berserking, very quick
A: sickness immunity, AC +4, negative energy resistance 1, electricity
resistance, torment resistance 1, petrification resistance
a: Renounce Religion, Berserk, Trog's Hand


You were on level 3 of the Dungeon.
You worshipped Trog.
Trog was pleased with you.
You visited 1 branch of the dungeon, and saw 3 of its levels.

You collected 137 gold pieces.

Inventory:

Hand Weapons
 a - a +0 mace (weapon)
Armour
 b - a +0 animal skin
 h - a +0 ring mail
 n - a +0 chain mail (worn)
Scrolls
 c - a scroll of immolation {unknown}
 f - 3 scrolls of magic mapping {unknown}
 i - a scroll of blinking {unknown}
 k - a scroll of vulnerability {unknown}
 m - a scroll of brand weapon {unknown}
Potions
 d - a potion of mutation {unknown}
 e - a potion of ambrosia {unknown}
 g - 2 potions of degeneration {unknown}
 j - a potion of heal wounds {unknown}
 l - a potion of brilliance {unknown}
 o - 2 potions of curing {unknown}


   Skills:
 + Level 4.2 Fighting
 + Level 4.3 Maces & Flails
 + Level 2.9 Armour
 + Level 2.3 Dodging
 + Level 1.7 Stealth


You had 4 spell levels left.
You didn't know any spells.
Your spell library was empty.

Dungeon Overview and Level Annotations

Branches:
Dungeon (3/15)

Altars:


Innate Abilities, Weirdness & Mutations

You are immune to sickness and miasma.
Your stone body is resilient. (AC +4)
You are immune to poison.
You resist negative energy. (rN+)
You are resistant to electric shocks. (rElec)
You are resistant to unholy torment.
You are immune to petrification.


Message History

A gnoll comes into view. It is wielding a +0 club.
A gnoll comes into view. It is wielding a +0 flail.
The gnoll shouts!
You hit the gnoll.
You kill the gnoll!
Trog accepts your kill.
Things that are here:
a +0 whip; a gnoll corpse The gnoll hits you with a +0 halberd.
You barely miss the gnoll. The gnoll hits you with a +0 halberd.
You hit the gnoll but do no damage. The gnoll barely misses you.
The gnoll hits you but does no damage. The gnoll hits you but does no damage.
The gnoll hits you with a +0 flail. The gnoll hits you but does no damage.
You hit the gnoll. You punch the gnoll.
The gnoll is moderately wounded.
The gnoll hits you but does no damage. x4
You hit the gnoll but do no damage.
The gnoll is moderately wounded.
The gnoll hits you but does no damage. The gnoll barely misses you.
The gnoll hits you but does no damage. The gnoll hits you with a +0 flail.
You barely miss the gnoll.
The gnoll is moderately wounded.
The gnoll hits you with a +0 halberd. The gnoll hits you but does no damage.
The gnoll hits you with a +0 flail.
A red film seems to cover your vision as you go berserk!
You feel yourself moving faster!
You feel mighty! The gnoll hits you with a +0 halberd!
* * * LOW HITPOINT WARNING * * *
The gnoll hits you but does no damage. x2
You hit the gnoll.
The gnoll is moderately wounded.
The gnoll barely misses you. The gnoll hits you but does no damage.
The gnoll hits you with a +0 flail!
* * * LOW HITPOINT WARNING * * *
You thump the gnoll!
The gnoll is almost dead.
The gnoll misses you. The gnoll hits you but does no damage.
The gnoll hits you with a +0 flail.
You die...

# #..........# .#
#..........# #..
###..........# ##.
.............# #.
.............# #.
.............# ##
.......g.....# #
......g@### # ....#.g...#
# #..)..# #..:..# #.....#
#.....# #.################
#######.##.#≈≈≈≈≈≈≈≈≈#.###
...........†≈≈≈≈.≈≈≈≈'....


You could see 3 gnolls.

Vanquished Creatures
  The ghost of Icepheonix32 the Firebug, a weakling DrFE (D:3)
  Crazy Yiuf (D:2)
  An iguana (D:3)
  2 gnolls
  A river rat (D:3)
  2 adders (D:3)
  2 worms (D:3)
  A ball python (D:1)
  4 endoplasms
  2 hobgoblins
  3 kobolds
  2 quokkas (D:1)
  6 bats
  3 frilled lizards
  2 goblins (D:1)
  4 rats
37 creatures vanquished.

Notes
Turn   | Place    | Note
-------+----------+-------------------------------------------
     0 | D:1      | bromine the Gargoyle Berserker began the quest for the Orb.
     0 | D:1      | Reached XP level 1. HP: 14/14 MP: 1/1
   623 | D:1      | Reached XP level 2. HP: 4/20 MP: 2/2
  1200 | D:1      | Found a faded altar of an unknown god.
  1746 | D:2      | Reached XP level 3. HP: 22/24 MP: 3/3
  2511 | D:2      | Found a runed translucent door.
  2512 | D:2      | Noticed Crazy Yiuf
  2709 | D:2      | Killed Crazy Yiuf
  2709 | D:2      | Reached ** piety under Trog
  2710 | D:2      | Reached skill level 1 in Stealth
  2710 | D:2      | Reached XP level 4. HP: 19/29 MP: 4/4
  3050 | D:2      | Identified the +3 scale mail "Lyizug" {Rampage rElec Will+
                  | MP-9}
  3387 | D:3      | Found a runed translucent door.
  3388 | D:3      | Noticed Icepheonix32's ghost (weakling DrFE)
  3404 | D:3      | Killed Icepheonix32's ghost
  3405 | D:3      | Reached XP level 5. HP: 30/33 MP: 5/5
  3882 | D:3      | Found a runed translucent door.
  3920 | D:3      | HP: 1/49 [gnoll/+0 flail (10)]
  3921 | D:3      | Slain by a gnoll

Illustrated notes

Levels and vault maps discovered:
D:1:      co_arrival_square_in_a_square_in_a_square, layout_rooms,
          chequers_ecumenical_altar_grove
D:2:      layout_rooms, uniq_crazy_yiuf_cottage
D:3:      layout_basic, ebering_ghost_sewer_f, serial_shops,
          nicolae_shop_advertising_works [nicolae_subvault_shop_adworks], shop,
          shop, grunt_ministairs_11, minmay_diced_spiral

Skill      XL: |  1  2  3  4 |
---------------+-------------+-----
Fighting       | 4 |  4.2
Stealth        | 1 |  1.7
Dodging        | 2 |  2.3
Maces & Flails | 4 |  4.3
Armour         | |  2.9

Action                   |  1- 3 |  4- 6 || total
-------------------------+-------+-------++-------
Melee: Mace              |    66 |    46 ||   112
       Punch             |     2 |     1 ||     3
Invok: Berserk           |       |     2 ||     2
Armor: Animal skin       |     6 |       ||     6
       Skin              |    33 |       ||    33
       Chain mail        |       |    24 ||    24
Dodge: Dodged            |    83 |    19 ||   102
